3AAA
BALBOA BUCCANEERS @ HOUSTON BC
07/24/2021
 
TOP OF THE 1ST
Balboa Buccaneers batting - Pitching for Houston BC : RHP Michael Swanson
Pitching: RHP Michael Swanson
Batting: RHB Lane Hancock 0-0: Ball
1-0: Foul Ball, location: 2F
1-1: Ball
2-1: Ball
3-1: Base on Balls
Batting: RHB Roy Childress 0-0: Ball
1-0: Foul Ball, location: 2F
1-1: Swinging Strike
1-2: Grounds into double play, 6-4-3 (Groundball, 6)
Batting: LHB Sergio Muńóz 0-0: Called Strike
0-1: Ball
1-1: Called Strike
1-2: Ball
2-2: Ground out 1-3 (Groundball, 23)
Top of the 1st over - 0 run(s), 0 hit(s), 0 error(s), 0 left on base; Balboa 0 - Houston 0
BOTTOM OF THE 1ST
Houston BC batting - Pitching for Balboa Buccaneers : RHP Luis Flores
Pitching: RHP Luis Flores
Batting: LHB Keith Gardner 0-0: Called Strike
0-1: Ball
1-1: Foul Ball, location: 2F
1-2: Foul Ball, location: 2F
1-2: SINGLE (Line Drive, 9S)
Batting: RHB Trevor Gardner 0-0: Ball
1-0: Foul Ball, location: 2F
1-1: Grounds into double play, 5-4-3 (Groundball, 56)
Batting: RHB Carlos Caraballo 0-0: Called Strike
0-1: Ground out 6-3 (Groundball, 6M)
Bottom of the 1st over - 0 run(s), 1 hit(s), 0 error(s), 0 left on base; Balboa 0 - Houston 0
TOP OF THE 2ND
Balboa Buccaneers batting - Pitching for Houston BC : RHP Michael Swanson
Batting: RHB Félix Rodríguez 0-0: Fly out, F7 (Flyball, 78S)
Batting: RHB Kyle Myers 0-0: Called Strike
0-1: Ground out 4-3 (Groundball, 4)
Batting: RHB Leonard James 0-0: Ball
1-0: Fly out, F7 (Line Drive, 78M)
Top of the 2nd over - 0 run(s), 0 hit(s), 0 error(s), 0 left on base; Balboa 0 - Houston 0
BOTTOM OF THE 2ND
Houston BC batting - Pitching for Balboa Buccaneers : RHP Luis Flores
Batting: RHB Ángel González 0-0: Ground out 6-3 (Groundball, 6M)
Batting: RHB Bill Newsome 0-0: Ground out 2-3 (Groundball, 15S)
Batting: RHB Thomas Teague 0-0: Swinging Strike
0-1: Ball
1-1: Ball
2-1: Foul Ball, location: 2F
2-2: Reached on error, E5 (Groundball, 56)
Batting: RHB Paul Arthur 0-0: Fielders Choice at 2nd, U4 (Groundball, 4M)
Bottom of the 2nd over - 0 run(s), 0 hit(s), 1 error(s), 1 left on base; Balboa 0 - Houston 0
TOP OF THE 3RD
Balboa Buccaneers batting - Pitching for Houston BC : RHP Michael Swanson
Batting: LHB Steve Cunningham 0-0: Called Strike
0-1: Ball
1-1: Ball
2-1: Foul Ball, location: 2F
2-2: Ball
3-2: Foul Ball, location: 2F
3-2: Foul Ball, location: 2F
3-2: Foul Ball, location: 2F
3-2: Base on Balls
Batting: RHB Jean Lemaire 0-0: Called Strike
0-1: Swinging Strike
0-2: Strikes out swinging
Batting: RHB César Garza 0-0: Ball
1-0: Foul Ball, location: 2F
1-1: Ball
2-1: Fielders Choice at 2nd, 5-4 (Groundball, 56)
Batting: RHB Lane Hancock 0-0: Ball
1-0: Foul Ball, location: 2F
1-1: Ball
2-1: Fly out, F6 (Popup, 6)
Top of the 3rd over - 0 run(s), 0 hit(s), 0 error(s), 1 left on base; Balboa 0 - Houston 0
BOTTOM OF THE 3RD
Houston BC batting - Pitching for Balboa Buccaneers : RHP Luis Flores
Batting: LHB Jesús Reyes 0-0: Foul Ball, location: 2F
0-1: Ball
1-1: Ball
2-1: Swinging Strike
2-2: Foul Ball, location: 2F
2-2: Ground out 4-3 (Groundball, 4)
Batting: RHB Michael Bucknell 0-0: Ball
1-0: Foul Ball, location: 2F
1-1: Ball
2-1: Foul Ball, location: 2F
2-2: Ball
3-2: Foul Ball, location: 2F
3-2: Base on Balls
Batting: LHB Keith Gardner 0-0: Ball
1-0: Grounds into double play, 4-6-3 (Groundball, 4)
Bottom of the 3rd over - 0 run(s), 0 hit(s), 0 error(s), 0 left on base; Balboa 0 - Houston 0
TOP OF THE 4TH
Balboa Buccaneers batting - Pitching for Houston BC : RHP Michael Swanson
Batting: RHB Roy Childress 0-0: Ball
1-0: DOUBLE (Line Drive, 78XD)
Batting: LHB Sergio Muńóz 0-0: Called Strike
0-1: Called Strike
0-2: Fly out, F8 (Flyball, 8LM)
Batting: RHB Félix Rodríguez 0-0: Swinging Strike
0-1: Ball
1-1: SINGLE (Line Drive, 6D)
Roy Childress to third
Batting: RHB Kyle Myers 0-0: Ball
1-0: Ball
2-0: Ball
3-0: Called Strike
3-1: Base on Balls
Félix Rodríguez to second
Batting: RHB Leonard James 0-0: Ball
1-0: Foul Ball, location: 2F
1-1: SINGLE (Groundball, 6MD)
Roy Childress scores
Félix Rodríguez to third
Kyle Myers to second
Runner from 3rd tries for Home, SAFE, throw made home
Kyle Myers to third
Leonard James to second
Batting: LHB Steve Cunningham 0-0: Ball
1-0: Called Strike
1-1: Ball
2-1: Foul Ball, location: 2F
2-2: Fly out, F6 (Popup, 5D)
Batting: RHB Jean Lemaire 0-0: Ball
1-0: Foul Ball, location: 2F
1-1: Ball
2-1: Called Strike
2-2: Foul Ball, location: 2F
2-2: Ball
3-2: Foul Ball, location: 2F
3-2: SINGLE (Groundball, 25) (infield hit)
Kyle Myers scores
Leonard James to third
Batting: RHB César Garza 0-0: Ball
1-0: Fly out, F4 (Popup, 4)
Top of the 4th over - 3 run(s), 4 hit(s), 0 error(s), 2 left on base; Balboa 3 - Houston 0
BOTTOM OF THE 4TH
Houston BC batting - Pitching for Balboa Buccaneers : RHP Luis Flores
Batting: RHB Trevor Gardner 0-0: Ball
1-0: Called Strike
1-1: Foul Ball, location: 2F
1-2: Fly out, F5 (Line Drive, 5L)
Batting: RHB Carlos Caraballo 0-0: Ground out 4-3 (Groundball, 4)
Batting: RHB Ángel González 0-0: Foul Ball, location: 2F
0-1: Swinging Strike
0-2: Ball
1-2: Strikes out looking
Bottom of the 4th over - 0 run(s), 0 hit(s), 0 error(s), 0 left on base; Balboa 3 - Houston 0
TOP OF THE 5TH
Balboa Buccaneers batting - Pitching for Houston BC : RHP Michael Swanson
Batting: RHB Lane Hancock 0-0: Called Strike
0-1: Foul Ball, location: 2F
0-2: Ball
1-2: Ground out 2-3 (Groundball, 2R)
Batting: RHB Roy Childress 0-0: Called Strike
0-1: Foul Ball, location: 2F
0-2: Ball
1-2: Ball
2-2: Ball
3-2: Ground out 5-3 (Groundball, 5S)
Batting: LHB Sergio Muńóz 0-0: Called Strike
0-1: Ball
1-1: Ground out 4-3 (Groundball, 4M)
Top of the 5th over - 0 run(s), 0 hit(s), 0 error(s), 0 left on base; Balboa 3 - Houston 0
BOTTOM OF THE 5TH
Houston BC batting - Pitching for Balboa Buccaneers : RHP Luis Flores
Batting: RHB Bill Newsome 0-0: Swinging Strike
0-1: Ball
1-1: Ball
2-1: Foul Ball, location: 2F
2-2: Ball
3-2: Fly out, F8 (Flyball, 8RD)
Batting: RHB Thomas Teague 0-0: Called Strike
0-1: Ball
1-1: Called Strike
1-2: Ground out 5-3 (Groundball, 5)
Batting: RHB Paul Arthur 0-0: Swinging Strike
0-1: Called Strike
0-2: Ball
1-2: Ball
2-2: Ground out 6-3 (Groundball, 6)
Bottom of the 5th over - 0 run(s), 0 hit(s), 0 error(s), 0 left on base; Balboa 3 - Houston 0
TOP OF THE 6TH
Balboa Buccaneers batting - Pitching for Houston BC : RHP Michael Swanson
Batting: RHB Félix Rodríguez 0-0: Ball
1-0: Foul Ball, location: 2F
1-1: Fly out, F8 (Flyball, 89M)
Batting: RHB Kyle Myers 0-0: Ball
1-0: Ball
2-0: Ground out 6-3 (Groundball, 6M)
Batting: RHB Leonard James 0-0: Foul Ball, location: 2F
0-1: Swinging Strike
0-2: Strikes out looking
Top of the 6th over - 0 run(s), 0 hit(s), 0 error(s), 0 left on base; Balboa 3 - Houston 0
BOTTOM OF THE 6TH
Houston BC batting - Pitching for Balboa Buccaneers : RHP Luis Flores
Batting: LHB Jesús Reyes 0-0: Called Strike
0-1: Ball
Single, Error in OF, E9, batter to second base
Batting: RHB Michael Bucknell 0-0: Ball
1-0: Ball
2-0: Ball
3-0: Called Strike
3-1: Foul Ball, location: 2F
3-2: Foul Ball, location: 2F
3-2: Strikes out swinging
Batting: LHB Keith Gardner 0-0: Ball
1-0: Foul Ball, location: 2F
1-1: Ball
2-1: Ball
3-1: Base on Balls
Batting: RHB Trevor Gardner 0-0: Called Strike
0-1: Ball
1-1: Foul Ball, location: 2F
1-2: Ball
2-2: Ball
3-2: Fly out, F9 (Flyball, 9M)
Batting: RHB Carlos Caraballo 0-0: Ball
Wild Pitch!
Jesús Reyes to third
Keith Gardner to second
1-0: Ball
2-0: Ball
3-0: Called Strike
3-1: Foul Ball, location: 2F
3-2: Foul Ball, location: 2F
3-2: Foul Ball, location: 2F
3-2: Fly out, F9 (Flyball, 9M)
Bottom of the 6th over - 0 run(s), 1 hit(s), 1 error(s), 2 left on base; Balboa 3 - Houston 0
TOP OF THE 7TH
Balboa Buccaneers batting - Pitching for Houston BC : RHP Michael Swanson
Batting: LHB Steve Cunningham 0-0: Ball
1-0: Called Strike
1-1: Ball
2-1: Ball
3-1: Foul Ball, location: 2F
3-2: Fly out, F6 (Popup, 6M)
Batting: RHB Jean Lemaire 0-0: Swinging Strike
0-1: Swinging Strike
0-2: SOLO HOME RUN (Flyball, 89XD), Distance : 429 ft
Pitching: RHP Chet Delaney
Batting: RHB César Garza 0-0: Foul Ball, location: 2F
0-1: Foul Ball, location: 2F
0-2: Fly out, F6 (Popup, 5DF)
Batting: RHB Lane Hancock 0-0: Called Strike
0-1: Foul Ball, location: 2F
0-2: Ball
1-2: Ball
2-2: Fly out, F8 (Flyball, 8LD)
Top of the 7th over - 1 run(s), 1 hit(s), 0 error(s), 0 left on base; Balboa 4 - Houston 0
BOTTOM OF THE 7TH
Houston BC batting - Pitching for Balboa Buccaneers : RHP Luis Flores
Batting: RHB Ángel González 0-0: Ball
1-0: Ball
2-0: Ground out 5-3 (Groundball, 56)
Batting: RHB Bill Newsome 0-0: Ball
1-0: Called Strike
1-1: Foul Ball, location: 2F
1-2: Fly out, F4 (Popup, 4D)
Batting: RHB Thomas Teague 0-0: Called Strike
0-1: Foul Ball, location: 2F
0-2: Strikes out swinging
Bottom of the 7th over - 0 run(s), 0 hit(s), 0 error(s), 0 left on base; Balboa 4 - Houston 0
TOP OF THE 8TH
Balboa Buccaneers batting - Pitching for Houston BC : RHP Chet Delaney
Batting: RHB Roy Childress 0-0: Foul Ball, location: 2F
0-1: Ball
1-1: Fly out, F2 (Popup, 2LF)
Batting: LHB Sergio Muńóz 0-0: Swinging Strike
0-1: Swinging Strike
0-2: Strikes out swinging
Batting: RHB Félix Rodríguez 0-0: Ball
1-0: Called Strike
1-1: Called Strike
1-2: Foul Ball, location: 2F
1-2: Ball
2-2: SINGLE (Line Drive, 34D)
Batting: RHB Kyle Myers 0-0: Foul Ball, location: 2F
0-1: Swinging Strike
0-2: Fielders Choice at 2nd, U6 (Groundball, 6M)
Top of the 8th over - 0 run(s), 1 hit(s), 0 error(s), 1 left on base; Balboa 4 - Houston 0
BOTTOM OF THE 8TH
Houston BC batting - Pitching for Balboa Buccaneers : RHP Luis Flores
Batting: RHB Paul Arthur 0-0: Swinging Strike
0-1: Foul Ball, location: 2F
0-2: Strikes out looking
Batting: LHB Jesús Reyes 0-0: Ball
1-0: Called Strike
1-1: Foul Ball, location: 2F
1-2: Ball
2-2: Foul Ball, location: 2F
2-2: Foul Ball, location: 2F
2-2: Ball
3-2: SINGLE (Line Drive, 9LS)
Batting: RHB Michael Bucknell 0-0: Ball
1-0: Ball
2-0: Ball
3-0: Base on Balls
Jesús Reyes to second
Batting: LHB Keith Gardner 0-0: Called Strike
0-1: Ball
1-1: Foul Ball, location: 2F
1-2: Ball
2-2: Ball
3-2: Base on Balls
Jesús Reyes to third
Michael Bucknell to second
Batting: RHB Trevor Gardner 0-0: Foul Ball, location: 2F
0-1: Ball
1-1: Foul Ball, location: 2F
1-2: Ground out 4-3 (Groundball, 4M)
Jesús Reyes scores
Michael Bucknell to third
Keith Gardner to second
Pitching: LHP Albert Lucas
Batting: RHB Carlos Caraballo 0-0: Ball
1-0: Ball
2-0: Called Strike
2-1: Foul Ball, location: 2F
2-2: Strikes out swinging
Bottom of the 8th over - 1 run(s), 1 hit(s), 0 error(s), 2 left on base; Balboa 4 - Houston 1
TOP OF THE 9TH
Balboa Buccaneers batting - Pitching for Houston BC : RHP Chet Delaney
Pitching: RHP Melvin Richards
Batting: RHB Leonard James 0-0: Foul Ball, location: 2F
0-1: Called Strike
0-2: Ball
1-2: Foul Ball, location: 2F
1-2: Foul Ball, location: 2F
1-2: Strikes out swinging
Pitching: LHP Jim Unknown
Batting: LHB Steve Cunningham 0-0: Foul Ball, location: 2F
0-1: Foul Ball, location: 2F
0-2: Ball
1-2: Fly out, F9 (Line Drive, 89M)
Batting: RHB Jean Lemaire 0-0: Ball
1-0: Foul Ball, location: 2F
1-1: Called Strike
1-2: Ball
2-2: Foul Ball, location: 2F
2-2: Strikes out swinging
Top of the 9th over - 0 run(s), 0 hit(s), 0 error(s), 0 left on base; Balboa 4 - Houston 1
BOTTOM OF THE 9TH
Houston BC batting - Pitching for Balboa Buccaneers : LHP Albert Lucas
Pitching: RHP Ed Day
Batting: RHB Ángel González 0-0: Called Strike
0-1: Foul Ball, location: 2F
0-2: Ball
1-2: Foul Ball, location: 2F
1-2: Foul Ball, location: 2F
1-2: Strikes out looking
Batting: RHB Bill Newsome 0-0: Ground out 5-3 (Groundball, 56)
Batting: RHB Thomas Teague 0-0: SINGLE (Line Drive, 89S)
Batting: RHB Paul Arthur 0-0: Called Strike
0-1: Ball
1-1: Ball
2-1: SINGLE (Line Drive, 56D)
Thomas Teague to second
Batting: LHB Jesús Reyes 0-0: Swinging Strike
0-1: Ball
1-1: Ground out U3 (Groundball, 3)
Bottom of the 9th over - 0 run(s), 2 hit(s), 0 error(s), 2 left on base; Balboa 4 - Houston 1
This league is powered by Out of the Park Baseball, the baseball management simulation game for PC, Mac and Linux
Friday, January 22nd, 2016 - OOTP Baseball 16.9 Build 39